 Dungeon Crawl Stone Soup version 0.31-a0-233-g139696dc86 (webtiles) character file.

Game seed: 11876859710515613840

28 qw the Shooter (level 3, -1/30 HPs)
             Began as a Minotaur Hexslinger on July 9, 2023.
             Slain by Sigmund
             ... wielding a +0 scythe
              (5 damage)
             ... on level 2 of the Dungeon.
             The game lasted 00:00:21 (728 turns).

qw the Shooter (Minotaur Hexslinger)                 Turns: 728, Time: 00:00:22

Health: -1/30      AC:  5    Str: 12    XL:     3   Next: 0%
Magic:  3/3        EV: 11    Int: 10    God:
Gold:   69         SH:  0    Dex: 14    Spells: 3/4 levels left

rFire   . . .        Y - +1 sling
rCold   . . .        (no shield)
rNeg    . . .        e - +0 ring mail
rPois   .            (helmet restricted)
rElec   .            (no cloak)
rCorr   .            (no gloves)
SInv    .            (no boots)
Will    .....        (no amulet)
Stlth   +            (no ring)
HPRegen 0.25/turn    (no ring)
MPRegen 0.08/turn

%: no passive effects
@: no status effects
A: horns 2, retaliatory headbutt
a: no special abilities


You were on level 2 of the Dungeon.
You visited 1 branch of the dungeon, and saw 2 of its levels.

You collected 69 gold pieces.


Innate Abilities, Weirdness & Mutations

You have a pair of horns on your head.
You reflexively headbutt those who attack you in melee.


   Skills:
 - Level 2.6 Fighting
 + Level 3.2 Ranged Weapons
 - Level 2.1 Dodging
 - Level 1.0 Spellcasting
 - Level 2.0 Hexes


You had 3 spell levels left.
You knew the following spells:

 Your Spells              Type           Power      Damage    Failure   Level
a - Slow                  Hex            16%        N/A       34%         1

Your spell library contained the following spells:

 Spells                   Type           Power      Damage    Failure   Level
 Inner Flame              Hex/Fire       2%         N/A       83%         3
 Portal Projectile        Hex/Tloc       4%         N/A       83%         3
 Cause Fear               Hex            2%         N/A       98%         4

Inventory:

Hand Weapons
 Y - a +1 sling (weapon)
Armour
 e - a +0 ring mail (worn)
Potions
 a - a potion of attraction {unknown}
 b - a potion of curing {unknown}
 c - a potion of mutation {unknown}
 g - a potion of resistance {unknown}
 h - a potion of brilliance {unknown}

Dungeon Overview and Level Annotations

Branches:
Dungeon (2/15)

Altars:

Annotations:
D:2 Sigmund


Message History

Increase (S)trength, (I)ntelligence, or (D)exterity?
You feel agile. x2
You shoot a sling bullet.
The sling bullet closely misses Sigmund.
You shoot a sling bullet. The sling bullet barely misses Sigmund.
You shoot a sling bullet. The sling bullet hits Sigmund.
Sigmund is lightly wounded.
Sigmund barely misses you.
You shoot a sling bullet. The sling bullet hits Sigmund.
Sigmund is lightly wounded.
You shoot a sling bullet. The sling bullet hits Sigmund.
Sigmund is moderately wounded.
Sigmund closely misses you.
You shoot a sling bullet. The sling bullet hits Sigmund.
Sigmund is moderately wounded.
Sigmund gestures wildly while chanting.
Sigmund flickers and vanishes!
Deactivating autopickup; reactivate with Ctrl-A.
You hear some strange, mumbled words.
You are confused.
Something hits you. Something hits you!
You hear some strange, mumbled words.
You are more confused.
Something hits you! Something hits you but does no damage.
Something barely misses you.
You feel less confused.
A magic dart appears from out of thin air!
The magic dart hits you.
You shoot a sling bullet.
The sling bullet hits the worm but does no damage.
Something hits you but does no damage.
An adder comes into view.
You shoot a sling bullet. The adder hisses angrily.
The sling bullet hits the worm!
The worm is heavily wounded.
Something hits you.
You die...

..~.P~~~P~###
....~~~~~~~~..##
...~.~~~~P.....#
....~~~~~~~~....########
..P.~~~~~~...#)(..%....#
..~~~P~~~~......####...##
...~~~~~~~.####..# ##....
..P~~~~~~~.# ##.# ##.##
..w~~~~~@..# #.# #..#
..~~~~.~.(## #.# ##.#
..~%~~~.~{######.# #..
..~~~~~........#.# ###
..~~~~~~.......#.######..
.~~~~~~~.#.....#.........
..~~~~S..#.....########..
..~~~~~.##.....# ###
..~~~~..##.%..<.. #######


You could see a worm and an adder.

Vanquished Creatures
  An adder (D:2)
  A ball python (D:1)
  3 endoplasms
  2 goblins
  A hobgoblin (D:2)
  3 kobolds
  A quokka (D:1)
  6 rats
18 creatures vanquished.

Notes
Turn   | Place    | Note
-------+----------+-------------------------------------------
     0 | D:1      | qw the Minotaur Hexslinger began the quest for the Orb.
     0 | D:1      | Reached XP level 1. HP: 16/16 MP: 1/1
     0 | D:1      | 0 ||| qw: Version: 0.3-a-51-g015441d
     0 | D:1      | 0 ||| qw: Game counter: 4011
     0 | D:1      | 0 ||| qw: Melee chars always use a shield: true
     0 | D:1      | 0 ||| qw: God list: Okawaru
     0 | D:1      | 0 ||| qw: Allow faded altars: false
     0 | D:1      | 0 ||| qw: Do Orc after clearing Dungeon:15 true
     0 | D:1      | 0 ||| qw: Do second Lair branch before Depths: true
     0 | D:1      | 0 ||| qw: Lair rune preference: random
     0 | D:1      | 0 ||| qw: Goals: Normal
     0 | D:1      | 0 ||| PLANNING D:1-11
   177 | D:1      | Reached skill level 3 in Ranged Weapons
   207 | D:1      | Reached XP level 2. HP: 23/23 MP: 2/2
   521 | D:1      | 521 ||| UPGRADING to +0 ring mail.
   531 | D:1      | 531 ||| DROPPING +0 robe.
   532 | D:1      | 532 ||| READING scroll labelled PAG YNWOGIH.
   536 | D:1      | 536 ||| READING scroll labelled LYGAXO VIHE.
   537 | D:1      | 537 ||| READING scroll labelled NIRAC LEBI.
   538 | D:1      | 538 ||| DRINKING 2 golden potions.
   567 | D:1      | 567 ||| DROPPING scroll of poison.
   568 | D:1      | 568 ||| DROPPING potion of lignification.
   704 | D:2      | Noticed Sigmund
   705 | D:2      | 705 ||| FLEEEEING.
   706 | D:2      | 706 ||| FLEEEEING.
   707 | D:2      | 707 ||| FLEEEEING.
   708 | D:2      | 708 ||| FLEEEEING.
   711 | D:2      | Reached XP level 3. HP: 19/30 MP: 3/3
   721 | D:2      | HP: 6/30 [something (8)]
   726 | D:2      | HP: 4/30 [something/magic dart (4)]
   728 | D:2      | Slain by Sigmund

Levels and vault maps discovered:
D:1:      evilmike_arrival_rings, layout_rooms, chequers_serial_rivers_large_a
D:2:      layout_rooms, chequers_big_river, uniq_sigmund

Skill      XL: |  1  2 |
---------------+-------+-----
Ranged Weapons | 3 |  3.2
Fighting       | 2 |  2.6
Dodging        | |  2.1
Spellcasting   | |  1.0
Hexes          | |  2.0

Action                     || total
---------------------------++-------
   Fire: Sling             ||    66
    Use: Scroll            ||     3
         Potion            ||     1
 Armour: Robe              ||     1
         Ring mail         ||     6
  Dodge: Dodged            ||    19

Table legend:
 A = Non-vault XP
 B = Vault XP
 C = Vault XP percentage of total XP
 D = Non-vault monster count
 E = Vault monster count
 F = Vault count percentage of total count
                 A         B        C        D         E       F
            +---------+---------+-------+---------+---------+-------
      Total |      41 |       0 |   0.0 |      18 |       0 |   0.0
            +---------+---------+-------+---------+---------+-------
        D:1 |      17 |       0 |   0.0 |      11 |       0 |   0.0
        D:2 |      24 |       0 |   0.0 |       7 |       0 |   0.0
            +---------+---------+-------+---------+---------+-------
